 Dungeon Crawl Stone Soup version 0.22-a0-776-ge6d7efa (webtiles) character file.

20643 sking99 the Fighter (level 12, 0/106 HPs)
             Began as a Green Draconian Fire Elementalist on July 18, 2018.
             Was a High Priest of Dithmenos.
             Slain by Kirke (13 damage)
             ... on level 4 of the Lair of Beasts.
             The game lasted 00:54:46 (22378 turns).

sking99 the Fighter (DrFE)                         Turns: 22378, Time: 00:54:47

Health: 0/106      AC:  9    Str: 11    XL:     12   Next: 47%
Magic:  21/24      EV: 15    Int: 21    God:    Dithmenos [*****.]
Gold:   530        SH:  4    Dex: 11    Spells: 8/27 levels left

rFire    + . .     SeeInvis .   O - +0 double sword
rCold    + . .     Gourm    .   I - +0 buckler
rNeg     . . .     Faith    .   (armour unavailable)
rPois    +         Spirit   .   (helmet restricted)
rElec    .         Reflect  .   (no cloak)
rCorr    .         Harm     .   (no gloves)
MR       +....                  F - +0 pair of boots
Stlth    +.........             (no amulet)
HPRegen  0.27/turn              A - ring "Vupneiq" {rF+ rC+ Stlth-}
MPRegen  0.19/turn              q - ring of protection from magic

@: short of breath, wreathed by umbra
A: breathe noxious fumes, unfitting armour, poison resistance, cold-blooded, AC
+8
a: Breathe Noxious Fumes, Shadow Step, Shadow Form, Renounce Religion


You were on level 4 of the Lair of Beasts.
You worshipped Dithmenos.
Dithmenos was extremely pleased with you.
You were hungry.

You visited 2 branches of the dungeon, and saw 15 of its levels.

You collected 843 gold pieces.
You spent 313 gold pieces at shops.

Inventory:

Hand Weapons
 p - a +0 trident of piercing
 O - a +0 double sword (weapon)
Missiles
 D - a throwing net (quivered)
Armour
 F - a +0 pair of boots (worn)
 I - a +0 buckler (worn)
Jewellery
 k - an uncursed ring of ice
 q - a ring of protection from magic (right hand)
 v - a +5 ring of strength
 x - an uncursed ring of protection from cold {unknown}
 y - an uncursed amulet of guardian spirit
 A - the ring "Vupneiq" (left hand) {rF+ rC+ Stlth-}
   (You bought it in a shop on level 8 of the Dungeon)

   [ring of loudness]

   It protects you from fire.
   It protects you from cold.
   It makes you less stealthy.
 E - a +6 ring of evasion
 M - an uncursed ring of positive energy
 N - an uncursed ring of fire
Wands
 o - a wand of flame (59)
 r - a wand of disintegration (23)
 z - a wand of random effects (15)
 C - a wand of digging (13)
 L - a wand of paralysis (14)
Scrolls
 c - 5 scrolls of enchant armour
 d - 2 scrolls of magic mapping
 e - 2 scrolls of immolation
 g - 8 scrolls of remove curse
 j - 5 scrolls of identify
 s - 2 scrolls of amnesia
 t - 5 scrolls of teleportation
 G - 2 scrolls of enchant weapon
 K - a scroll of fear
 P - a scroll of blinking {unknown}
Potions
 a - 6 potions of lignification
 f - 3 potions of berserk rage
 h - 3 potions of ambrosia
 i - 3 potions of mutation
 l - 2 potions of agility
 m - 7 potions of curing
 n - a potion of flight
 u - a potion of brilliance
 w - 2 potions of resistance
 H - a potion of degeneration {unknown}
 J - a potion of heal wounds
Comestibles
 b - 18 rations
 B - 4 chunks of flesh


   Skills:
 - Level 10.0 Fighting
 - Level 6.4 Dodging
 - Level 1.7 Stealth
 - Level 4.0 Shields
 - Level 8.0 Spellcasting
 - Level 10.0 Conjurations
 - Level 10.0 Fire Magic
 * Level 6.9 Invocations


You had 8 spell levels left.
You knew the following spells:

 Your Spells              Type           Power        Failure   Level  Hunger
a - Flame Tongue          Conj/Fire      #####        1%          1    None
b - Throw Flame           Conj/Fire      ######       1%          2    None
c - Conjure Flame         Conj/Fire      ######..     1%          3    None
d - Fireball              Conj/Fire      ######....   3%          5    #####..
e - Sticky Flame          Conj/Fire      ######..     1%          4    ###....
f - Ignite Poison         Fire/Tmut/Pois ###.....     6%          3    None
g - Apportation           Tloc           #.....       8%          1    None

Your spell library contained the following spells:

 Spells                   Type           Power        Failure   Level  Hunger
 Summon Small Mammal      Summ           #...         8%          1    None
 Animate Dead             Necr           N/A          61%         4    ###....
 Pain                     Necr           #...         8%          1    None
 Animate Skeleton         Necr           N/A          8%          1    None
 Vampiric Draining        Necr           #.........   24%         3    None
 Regeneration             Chrm/Necr      #.........   24%         3    None
 Sublimation of Blood     Necr           #.........   12%         2    None
 Recall                   Summ/Tloc      N/A          24%         3    None
 Death Channel            Necr           #.........   100%        6    ######.
 Confusing Touch          Hex            #.....       8%          1    None
 Alistair's Intoxication  Tmut/Pois      #.......     91%         5    #####..
 Simulacrum               Ice/Necr       #.........   100%        6    ######.
 Petrify                  Tmut/Erth      #.......     61%         4    ###....
 Inner Flame              Hex/Fire       ####....     3%          3    None
 Irradiate                Conj/Tmut      ####......   28%         5    #####..
 Borgnjor's Vile Clutch   Necr/Erth      #.........   91%         5    #####..


Dungeon Overview and Level Annotations

Branches:
Dungeon (11/15)            Temple (0/1) D:5            Lair (4/6) D:8
 Shoals (0/4) Lair:3       Spider (0/4) Lair:3
    Orc: D:9-12

Altars:
Dithmenos
Elyvilon
Fedhas
Gozag
Qazlal
Ru
Sif Muna
Uskayaw
Vehumet
Xom
Yredelemnul
Zin
The Shining One

Shops:
D:7 (   D:8 =

Annotations:
D:4 3 runed doors, Hebeh's ghost, amateur DEFE
Lair:4 exclusion: oklob plant, Kirke


Innate Abilities, Weirdness & Mutations

You can breathe blasts of noxious fumes.
Your lurid green scales are hard. (AC +8)
You cannot fit into any form of body armour.
Your system is resistant to poisons. (rPois)
You are cold-blooded and may be slowed by cold attacks.


Message History

The hog is severely wounded.
The harpy closely misses you. The harpy claws you but does no damage.
The harpy barely misses you.
You riposte.
You hit the harpy.
The harpy is lightly wounded.
The harpy barely misses you.
You feel better. The harpy claws you.
* * * LOW HITPOINT WARNING * * *
The harpy barely misses you. You block the harpy's attack.
The harpy closely misses you. The harpy completely misses you.
The harpy misses you. The harpy claws you!
* * * LOW HITPOINT WARNING * * *
The harpy barely misses you.
Kirke is engulfed in blazing flames.
Kirke hits you.
* * * LOW HITPOINT WARNING * * *
The hog closely misses you.
As you read the scroll of fear, it crumbles to dust.
You assume a fearsome visage.
The harpy looks frightened! x4
Kirke resists with almost no effort.
The hog looks frightened! x4
Kirke is engulfed in blazing flames.
Kirke hits you!
You die...

.....##.PP÷.P....#
....####P..###.## #.
###...####.....#.##
..##.....##......>...#
.....#...###.....##.##
.....+H.<.##....###.#
....HP..hP###....##.#
#.###....#####..###.##
........@..###P..#...#
.......@h...........##
......§.h...H........#
......§...............#
.....§..H............##
...§....h.......†...#
................÷...##
####......##.##.##PP..#
##.###.....###.#'P.PP÷##


You could see Kirke, 4 harpies and 4 hogs.

Vanquished Creatures
  An ice dragon (Lair:3)
  3 hydras
  Erica (D:10)
  A two-headed ogre (D:9)
  Pikel (D:5)
  An ugly thing (D:7)
  An oklob plant (Lair:4)
  2 black mambas (Lair:3)
  An ice statue (Lair:3)
  6 spiny frogs
  A komodo dragon (Lair:4)
  A merfolk (D:10)
  3 polar bears
  2 hornets
  2 hippogriffs
  Sigmund (D:4)
  2 wyverns
  20 yaks
  A basilisk (Lair:1)
  A hungry ghost (D:8)
  A hog (Lair:4)
  2 steam dragons
  Duvessa (D:4)
  3 water moccasins
  5 orc warriors
  6 porcupines
  2 sky beasts
  4 slaves (D:6)
  2 black bears
  7 ice beasts
  2 phantoms
  3 centaurs
  2 ogres
  3 wolves
  15 crocodiles
  17 bullfrogs
  A gnoll sergeant (D:9)
  9 scorpions
  Dowan (D:4)
  9 killer bees
  An electric eel (Lair:2)
  3 howler monkeys (D:7)
  3 crimson imps
  A quasit (D:8)
  7 hounds
  3 jellies
  8 orc priests
  A bullfrog skeleton (D:9)
  3 centaur skeletons
  4 iguanas
  6 orc wizards
  5 worker ants
  3 hound skeletons
  12 adders
  4 gnolls (D:9)
  2 shadow imps
  2 white imps (Lair:3)
  10 oozes
  An adder zombie (D:6)
  2 adder skeletons
  A worm (D:3)
  2 dart slugs
  4 leopard geckos
  56 orcs
  3 ball pythons
  9 giant cockroaches
  7 goblins
  4 hobgoblins (D:2)
  2 jackals (D:3)
  5 quokkas
  17 bats
  2 frilled lizards
  A jackal zombie (D:6)
  16 kobolds
  A quokka skeleton (D:6)
  A quokka zombie (D:4)
  6 rats
  A plant (D:2)
366 creatures vanquished.

Vanquished Creatures (others)
  43 fungi
  13 plants
  6 toadstools (D:4)
62 creatures vanquished.

Grand Total: 428 creatures vanquished

Notes
Turn   | Place    | Note
-------+----------+-------------------------------------------
     0 | D:1      | sking99 the Draconian Fire Elementalist began the quest for the Orb.
     0 | D:1      | Reached XP level 1. HP: 14/14 MP: 3/3
   314 | D:1      | Reached XP level 2. HP: 20/20 MP: 0/5
   371 | D:1      | Learned a level 2 spell: Throw Flame
   897 | D:2      | Reached XP level 3. HP: 21/26 MP: 3/6
  1243 | D:2      | Found a shadowy altar of Dithmenos.
  1274 | D:2      | Became a worshipper of Dithmenos the Shadowed
  1579 | D:2      | Learned a level 3 spell: Conjure Flame
  2711 | D:3      | Reached XP level 4. HP: 16/33 MP: 0/7
  2872 | D:3      | Noticed a bullfrog
  2892 | D:3      | Killed a bullfrog
  2892 | D:3      | Reached XP level 5. HP: 17/38 MP: 0/9
  3323 | D:3      | Reached * piety under Dithmenos
  3532 | D:3      | Found a shimmering altar of Xom.
  3804 | D:3      | Found a sacrificial altar of Ru.
  4155 | D:3      | Found a glowing golden altar of the Shining One.
  4517 | D:4      | Found a radiant altar of Vehumet.
  4564 | D:3      | Reached XP level 6. HP: 43/45 MP: 2/10
  4734 | D:4      | Reached skill level 5 in Fire Magic
  5218 | D:4      | Reached ** piety under Dithmenos
  5352 | D:4      | Your scales start taking on a lurid green colour.
  5352 | D:4      | Reached XP level 7. HP: 25/50 MP: 0/12
  5352 | D:4      | Gained mutation: Your system is resistant to poisons. (rPois) [Green Draconian growth]
  5518 | D:4      | Found a runed gate.
  5518 | D:4      | Found a runed gate.
  5519 | D:4      | Found a runed gate.
  5607 | D:4      | Noticed Dowan
  5624 | D:4      | Killed Dowan
  5797 | D:4      | Noticed Duvessa
  5807 | D:4      | Killed Duvessa
  5807 | D:4      | Reached skill level 5 in Conjurations
  5946 | D:4      | Noticed Sigmund
  5953 | D:4      | Killed Sigmund
  6047 | D:4      | Learned a level 5 spell: Fireball
  6318 | D:4      | Noticed Hebeh's ghost (amateur DEFE)
  6367 | D:5      | Entered Level 5 of the Dungeon
  6389 | D:5      | Found a stormy altar of Qazlal.
  6751 | D:5      | Reached XP level 8. HP: 57/57 MP: 7/14
  6793 | D:5      | Learned a level 4 spell: Sticky Flame
  6966 | D:5      | Found a staircase to the Ecumenical Temple.
  7050 | D:5      | Reached skill level 1 in Fighting
  7070 | D:6      | Noticed Pikel
  7147 | D:5      | Killed Pikel
  7392 | D:6      | Reached skill level 5 in Spellcasting
  7699 | D:6      | Found a basalt altar of Yredelemnul.
  7702 | D:6      | Learned a level 1 spell: Apportation
  8255 | D:7      | Reached skill level 5 in Fighting
  8255 | D:7      | Reached XP level 9. HP: 74/74 MP: 3/16
  8728 | D:7      | Reached *** piety under Dithmenos
  8755 | D:7      | Noticed a brown ugly thing
  8769 | D:7      | Killed a brown ugly thing
  9090 | D:7      | Found a blossoming altar of Fedhas.
  9130 | D:7      | Found Datrusod's Weapon Boutique.
  9203 | D:7      | You fall through a shaft for 2 floors!
  9304 | D:9      | Found a white marble altar of Elyvilon.
  9718 | D:9      | Noticed a two-headed ogre
  9739 | D:9      | Killed a two-headed ogre
  9739 | D:9      | Reached XP level 10. HP: 90/90 MP: 1/17
 10684 | D:9      | Reached **** piety under Dithmenos
 11417 | D:10     | Entered Level 10 of the Dungeon
 11640 | D:8      | Found Ored's Jewellery Boutique.
 12089 | D:8      | Bought the ring "Vupneiq" {rF+ rC+ Stlth-} for 313 gold pieces
 12408 | D:8      | Reached skill level 5 in Dodging
 12583 | D:8      | Found a glowing silver altar of Zin.
 12583 | D:8      | Found an opulent altar of Gozag.
 12707 | D:8      | Found a staircase to the Lair.
 12868 | D:8      | Found a hide-covered altar of Uskayaw.
 12895 | D:8      | Noticed a dagger
 12895 | D:8      | Noticed a dagger
 13123 | D:8      | Found a deep blue altar of Sif Muna.
 14444 | D:10     | Noticed Erica
 14453 | D:10     | Killed Erica
 14462 | D:10     | Reached XP level 11. HP: 83/99 MP: 1/20
 14995 | D:11     | Reached skill level 10 in Fighting
 15991 | Lair:1   | Entered Level 1 of the Lair of Beasts
 16553 | Lair:1   | Reached skill level 1 in Shields
 16787 | Lair:1   | Reached ***** piety under Dithmenos
 16824 | Lair:1   | Noticed a five-headed hydra
 16843 | Lair:1   | Killed a five-headed hydra
 18122 | Lair:2   | Identified a scroll of acquirement
 18482 | Lair:2   | Learned a level 3 spell: Ignite Poison
 19508 | Lair:3   | Noticed a six-headed hydra
 19515 | Lair:3   | Killed a six-headed hydra
 19890 | Lair:3   | Reached XP level 12. HP: 106/106 MP: 10/23
 20084 | Lair:3   | Reached skill level 1 in Invocations
 20151 | Lair:3   | Reached skill level 10 in Conjurations
 20173 | Lair:3   | Noticed an ice dragon
 20367 | Lair:3   | Killed an ice dragon
 20684 | Lair:3   | Found a hole to the Spider Nest.
 20707 | Lair:3   | Found a staircase to the Shoals.
 21162 | Lair:3   | Reached skill level 10 in Fire Magic
 21808 | Lair:4   | Reached skill level 5 in Invocations
 22275 | Lair:4   | Noticed a five-headed hydra
 22281 | Lair:4   | Noticed Kirke
 22282 | Lair:4   | Killed a five-headed hydra
 22378 | Lair:4   | Slain by Kirke

Vault maps used:
D:1:      dpeg_arrival_more_subterranean_lakeside_camping
D:2:      nicolae_dithmenos_shadow_blocks, serial_forest,
          infiniplex_forest_clump_long, infiniplex_forest_clump_long,
          infiniplex_forest_clump_cross, infiniplex_forest_end_2,
          infiniplex_forest_split, kennysheep_generic_room_12
D:3:      cheibrodos_helix_gallery, lemuel_coloured_pillars_altar, minitemple,
          first_ration
D:4:      cheibrodos_fertilizer, vehumet_crystals, portal_sewer_entry_d,
          gammafunk_ghost_necromancy, uniq_sigmund, uniq_duvessa
D:5:      overflow_temple_1_default, minmay_temple_entry_nine_rooms
D:6:      overflow_temple_1_default, uniq_pikel
D:7:      kennysheep_mini_moat, serial_shops, nicolae_shop_statue_plus
D:8:      grunt_temple_overflow_gold_and_silver, marbit_many_paths,
          dancing_weapons_uskayaw, due_lair_maze_entry_diamond, serial_shops,
          nicolae_shop_window_shopping
D:9:      lemuel_doored_altar
D:10:     hangedman_fish_farm, uniq_erica
Lair:1:   roderic_batcave, st_stairs_9
Lair:2:   beast_lair_carwin_11, serial_bayou_shore_a, serial_bayou_shore_b,
          infiniplex_staircase_pool_2
Lair:3:   elwin_shoals_entry_rocks, nicolae_spider_entry_non_spiders,
          ice2_lemuel, grunt_megastairs_2
Lair:4:   lemuel_reptile_caves, wad_woods_road_02, dpeg_oklob_1, uniq_kirke

Skill      XL: |  1  2  3  4  5  6  7  8  9 10 11 12 |
---------------+-------------------------------------+-----
Conjurations   | 2 3 4 6 7 8 9 10 | 10.0
Fire Magic     | 4 5 6 7 8 9 10 | 10.0
Spellcasting   | 3 4 5 6 7 8 |  8.0
Fighting       | 5 8 9 10 | 10.0
Dodging        | 5 6 |  6.4
Shields        | 4 |  4.0
Invocations    | 6 |  6.9
Stealth        | |  1.7

Action                   |  1- 3 |  4- 6 |  7- 9 | 10-12 || total
-------------------------+-------+-------+-------+-------++-------
Melee: Whip              |   101 |    33 |    10 |       ||   144
       Tailslap          |    16 |     3 |     8 |     8 ||    35
       Trident           |       |       |    91 |   120 ||   211
       Double sword      |       |       |       |     8 ||     8
 Cast: Flame Tongue      |    49 |    70 |   133 |   377 ||   629
       Throw Flame       |    24 |    50 |    69 |   260 ||   403
       Conjure Flame     |       |       |     6 |     7 ||    13
       Sticky Flame      |       |       |     4 |     7 ||    11
       Fireball          |       |       |       |    12 ||    12
       Ignite Poison     |       |       |       |     7 ||     7
 Abil: Breathe Noxious F |       |       |     7 |    16 ||    23
  Use: Scroll            |       |    12 |     2 |    13 ||    27
       Potion            |       |       |       |     4 ||     4
 Stab: Confused          |       |       |     3 |     2 ||     5
       Sleeping          |       |       |       |     1 ||     1
  Eat: Chunk             |     8 |    10 |    10 |    36 ||    64
       Ration            |       |       |     2 |     3 ||     5
Armor: Skin              |     5 |    14 |    32 |    71 ||   122
Dodge: Dodged            |    27 |    41 |    93 |   411 ||   572
Block: Buckler           |       |       |       |    20 ||    20
       Rpst.: Double sword |       |       |       |    11 ||    11

Table legend:
 A = Spawn XP
 B = Non-spawn XP
 C = Spawn XP percentage of total XP
 D = Spawn monster count
 E = Non-spawn monster count
 F = Spawn count percentage of total count
 G = Total turns spent on level
                    A         B        C        D         E        F      G
               +---------+---------+-------+---------+---------+-------+---------
         Total |       0 |   29491 |   0.0 |       0 |     361 |   0.0 | 22378
               +---------+---------+-------+---------+---------+-------+---------
           D:1 |       0 |      29 |   0.0 |       0 |      16 |   0.0 |   895
           D:2 |       0 |      58 |   0.0 |       0 |      26 |   0.0 |  1766
           D:3 |       0 |     227 |   0.0 |       0 |      32 |   0.0 |  1889
           D:4 |       0 |     982 |   0.0 |       0 |      41 |   0.0 |  1817
           D:5 |       0 |     936 |   0.0 |       0 |       7 |   0.0 |   953
           D:6 |       0 |     536 |   0.0 |       0 |      20 |   0.0 |  1037
           D:7 |       0 |    1098 |   0.0 |       0 |      11 |   0.0 |   848
           D:8 |       0 |    2552 |   0.0 |       0 |      45 |   0.0 |  1992
           D:9 |       0 |    2928 |   0.0 |       0 |      48 |   0.0 |  2587
          D:10 |       0 |    1742 |   0.0 |       0 |      11 |   0.0 |  1207
          D:11 |       0 |    1189 |   0.0 |       0 |      11 |   0.0 |  1000
        Lair:1 |       0 |    3083 |   0.0 |       0 |      21 |   0.0 |  1498
        Lair:2 |       0 |    4069 |   0.0 |       0 |      28 |   0.0 |  1809
        Lair:3 |       0 |    6251 |   0.0 |       0 |      31 |   0.0 |  2408
        Lair:4 |       0 |    3811 |   0.0 |       0 |      13 |   0.0 |   672
               +---------+---------+-------+---------+---------+-------+---------
